 Dungeon Crawl Stone Soup version 0.28.0-53-g5a82cb258f (webtiles) character file.

Game seed: 12248141598327958390

28 Gabide the Skirmisher (level 3, -1/30 HPs)
             Began as a Formicid Monk on June 15, 2022.
             Slain by a goblin
             ... wielding a +0 dagger
             ... led by Robin
              (4 damage)
             ... on level 2 of the Dungeon.
             The game lasted 00:01:03 (1201 turns).

Gabide the Skirmisher (Formicid Monk)               Turns: 1201, Time: 00:01:03

Health: -1/30      AC:  2    Str: 12 (15) XL:     3   Next: 27%
Magic:  3/3        EV: 13    Int:  7 (9)  God:
Gold:   33         SH:  0    Dex: 14 (15) Spells: 2/2 levels left

rFire   . . .      SeeInvis +   a - +0 spear
rCold   . . .      Faith    .   (no shield)
rNeg    . . .      Spirit   .   b - +0 robe
rPois   .          Reflect  .   (helmet unavailable)
rElec   .          Harm     .   (no cloak)
rCorr   .          Rampage  .   (no gloves)
Will    .....                   (no boots)
Stlth   ++........              (no amulet)
HPRegen 0.10/turn               (no ring)
MPRegen 0.08/turn               (no ring)

@: no status effects
A: permanent stasis, dig shafts and tunnels, antennae 3, four strong arms
a: Dig, Shaft Self


You were on level 2 of the Dungeon.
You visited 1 branch of the dungeon, and saw 2 of its levels.

You collected 33 gold pieces.

Inventory:

Hand Weapons
 a - a +0 spear (weapon)
Missiles
 c - 4 poisoned darts (quivered)
 e - 2 throwing nets
Armour
 b - a +0 robe (worn)


   Skills:
 + Level 3.7 Fighting
 + Level 3.4 Polearms
 + Level 3.1 Dodging
 - Level 2.4 Stealth


You had 2 spell levels left.
You didn't know any spells.
Your spell library was empty.

Dungeon Overview and Level Annotations

Branches:
Dungeon (1/15)

Altars:

Annotations:
D:2 Robin


Innate Abilities, Weirdness & Mutations

You cannot be hasted, slowed, berserked, paralysed or teleported.
You can dig through walls and to a lower floor.
You have a pair of large antennae on your head. (SInv)
Your four strong arms can wield two-handed weapons with a shield.


Message History

The hobgoblin no longer looks unusually strong.
Robin throws the goblin at you! The hobgoblin hits you.
You completely miss the hobgoblin.
The goblin unwields a +0 hunting sling.
The goblin wields a +0 dagger.
The goblin hits you with a +0 dagger. The hobgoblin hits you!
* * * LOW HITPOINT WARNING * * *
You are too injured to fight recklessly!
You are too injured to fight recklessly!
You are too injured to fight recklessly!
You are too injured to fight recklessly!
You are too injured to fight recklessly!
You are too injured to fight recklessly!
You are too injured to fight recklessly!
You are too injured to fight recklessly!
You are too injured to fight recklessly!
You are too injured to fight recklessly!
You are too injured to fight recklessly!
You are too injured to fight recklessly!
You are too injured to fight recklessly!
You are too injured to fight recklessly!
You are too injured to fight recklessly!
You are too injured to fight recklessly!
You are too injured to fight recklessly!
You are too injured to fight recklessly!
You are too injured to fight recklessly!
You are too injured to fight recklessly!
You are too injured to fight recklessly!
You are too injured to fight recklessly!
You are too injured to fight recklessly!
You are too injured to fight recklessly!
You are too injured to fight recklessly!
Unknown command.
You hit the goblin.
The goblin is heavily wounded.
The hobgoblin no longer looks unusually strong.
The hobgoblin barely misses you.
You barely miss the goblin.
The goblin is heavily wounded.
The goblin hits you with a +0 dagger.
You die...

###### #.....#####
#.........# #
#.......!{# ...
#..g....gg####.....
#.......ggg@g......
.......[.gg####.....
.........S{# ...
...........# {{.
.##.#......#
#...###### ...# {
....


You could see Robin, an adder, 5 hobgoblins and 2 goblins.

Vanquished Creatures
  5 endoplasms (D:1)
  7 goblins
  2 hobgoblins
  3 quokkas (D:1)
  A ball python (D:1)
  2 bats (D:1)
  2 kobolds (D:1)
  2 rats (D:1)
24 creatures vanquished.

Notes
Turn   | Place    | Note
-------+----------+-------------------------------------------
     0 | D:1      | Gabide the Formicid Monk began the quest for the Orb.
     0 | D:1      | Reached XP level 1. HP: 18/18 MP: 1/1
   240 | D:1      | Reached XP level 2. HP: 17/24 MP: 2/2
   702 | D:1      | Reached XP level 3. HP: 16/30 MP: 3/3
  1183 | D:1      | You fall into a shaft and drop 1 floor!
  1183 | D:2      | Noticed Robin
  1201 | D:2      | Slain by a goblin

Illustrated notes

Levels and vault maps discovered:
D:1:      lightli_arrival_maybe_door_vault, layout_loops_ring, serial_glass,
          glass_columns_a, glass_columns_c, feat_on_display, item_on_display_a,
          minmay_misc_feat_cross
D:2:      cheibrodos_old_hovel, layout_rooms, basic_altar, uniq_jessica,
          uniq_robin

Skill      XL: |  1  2 |
---------------+-------+-----
Dodging        | 3 |  3.1
Fighting       | |  3.7
Polearms       | |  3.4
Stealth        | |  2.4

Action                   || total
-------------------------++-------
Melee: Spear             ||    87
 Abil: Shaft Self        ||     1
  Use: Potion            ||     2
 Stab: Sleeping          ||     3
Armor: Robe              ||     8
Dodge: Dodged            ||    37
